 Dungeon Crawl Stone Soup version 0.20-a0-870-g4070442 (webtiles) character file.

8282 Banto the Spear-Bearer (level 11, -13/80 HPs)
             Began as a Demonspawn Gladiator on Mar 14, 2017.
             Was a Believer of Kikubaaqudgha.
             Mangled by a seven-headed hydra (14 damage)
             ... on level 11 of the Dungeon.
             The game lasted 00:15:59 (7686 turns).

Banto the Spear-Bearer (Demonspawn Gladiator)       Turns: 7686, Time: 00:16:00

Health: -13/80     AC:  8    Str: 16    XL:     11   Next: 7%
Magic:  0/11       EV: 14    Int:  9    God:    Kikubaaqudgha [**....]
Gold:   611        SH:  0    Dex: 17    Spells: 10/10 levels left

rFire    . . .     SeeInvis .   a - +1 trident
rCold    . . .     Gourm    .   h - +0 troll leather armour {Purgy}
rNeg     . . .     Faith    .   (no shield)
rPois    .         Spirit   +   (helmet restricted)
rElec    +         Reflect  .   y - +1 cloak
rCorr    .         Harm     .   n - +0 pair of gloves
MR       .....                  (no boots)
Stlth    +.........             r - amulet of guardian spirit
Regen    0.7/turn               (no ring)
MPRegen  0.2/turn               (no ring)

@: drained
A: beak, claws 1, icy blue scales 1, deformed body, shaggy fur 1, electricity
resistance, spiny 1, evolution 1, rot immunity
a: Receive Corpses, Renounce Religion


You were on level 11 of the Dungeon.
You worshipped Kikubaaqudgha.
Kikubaaqudgha was pleased with you.
You were not hungry.

You visited 2 branches of the dungeon, and saw 13 of its levels.
You also visited: Sewer and Bailey.

You collected 611 gold pieces.

Inventory:

Hand Weapons
 a - a +1 trident (weapon)
 b - a +6 halberd of electrocution
Missiles
 d - a throwing net (quivered)
Armour
 c - a +1 helmet
 h - a +0 troll leather armour (worn) {Purgy}
 n - a +0 pair of gloves (worn)
 y - a +1 cloak (worn)
Jewellery
 r - an amulet of guardian spirit (around neck)
Wands
 t - a wand of lightning (8/15)
 A - a wand of iceblast (5/15)
 D - a wand of iceblast (6/15)
 E - a wand of iceblast (8/15)
Scrolls
 e - a scroll of magic mapping
 i - 7 scrolls of identify
 j - 6 scrolls of teleportation
 k - 3 scrolls of remove curse
 l - 4 scrolls of amnesia
 s - 2 scrolls of blinking
 x - a scroll of enchant armour
 G - a scroll of holy word {unknown}
 H - a scroll of noise {unknown}
Potions
 m - 3 potions of magic
 o - a potion of haste
 p - 6 potions of curing
 u - a potion of brilliance
 z - 5 potions of might
 B - a potion of resistance
 C - 4 potions of heal wounds
Books
 F - Kikubaaqudgha's Tome of Necromancy
   (Kikubaaqudgha gifted it to you on level 9 of the Dungeon)

   Spells                             Type                      Level
   a - Pain                           Necromancy                   1
   b - Corpse Rot                     Necromancy                   2
   c - Sublimation of Blood           Necromancy                   2
   d - Vampiric Draining              Necromancy                   3
   e - Control Undead                 Necromancy                   4
Comestibles
 f - 4 bread rations
 g - 6 meat rations
 q - a royal jelly
 v - 12 fruits
 w - 7 chunks of flesh


   Skills:
 + Level 5.4(4.7) Fighting
 - Level 14.0(13.0) Polearms
 - Level 1.7(1.0) Throwing
 + Level 5.3(4.5) Dodging


You had 10 spell levels left.
You didn't know any spells.

Dungeon Overview and Level Annotations

Branches:
Dungeon (12/15)            Temple (1/1) D:7            Lair (0/6) D:8
    Orc (0/2) D:9

Altars:
Ashenzari
Cheibriados
Dithmenos
Elyvilon
Fedhas
Gozag
Hepliaklqana
Kikubaaqudgha
Makhleb
Nemelex Xobeh
Okawaru
Qazlal
Ru
Sif Muna
Trog
Uskayaw
Vehumet
Wu Jian
Xom
Yredelemnul
Zin
The Shining One

Annotations:
D:7 exclusion: orange crystal statue


Innate Abilities, Weirdness & Mutations

You have sharp fingernails.
You are partially covered in icy blue scales. (AC +2)
You are partially covered in sharp spines.
You are immune to rotting.
You have a beak for a mouth.
Armour fits poorly on your strangely shaped body.
You are covered in fur. (AC +1)
You are resistant to electric shocks. (rElec)
You evolve.


Message History

The seven-headed hydra is heavily wounded.
Attack whom?
Press: ? - help, Dir - move target cursor, f/p - seven-headed hydra
Aim: a seven-headed hydra (heavily wounded)
You hit the seven-headed hydra.
The seven-headed hydra is heavily wounded.
The seven-headed hydra is struck by your spines.
The seven-headed hydra bites you!
* * * LOW HITPOINT WARNING * * *
The seven-headed hydra bites you.
* * * LOW HITPOINT WARNING * * *
The seven-headed hydra bites you but does no damage.
The seven-headed hydra closely misses you.
The seven-headed hydra bites you.
* * * LOW HITPOINT WARNING * * *
The seven-headed hydra bites you.
* * * LOW HITPOINT WARNING * * *
The seven-headed hydra bites you!
You die...
Kikubaaqudgha rasps: "You have failed me!
Welcome... death!" ############ #..D@....... #.########## #

You could see a seven-headed hydra.

Vanquished Creatures
  The ghost of kaze the Chucker, a novice OgAM of Okawaru (D:8)
  3 two-headed ogres
  An orc knight (Bailey)
  A troll (D:9)
  A hippogriff (D:9)
  A wyvern (D:9)
  A hungry ghost (D:9)
  A water moccasin (D:7)
  2 porcupines
  Purgy (Sewer)
  3 orc warriors
  4 sky beasts
  A swamp drake (D:6)
  3 ice beasts
  2 phantoms
  A black bear (D:9)
  3 ogres
  A crocodile (D:8)
  3 centaurs
  3 bullfrogs
  Blork the orc (D:6)
  3 scorpions
  8 wights
  3 howler monkeys
  4 crimson imps
  3 hounds
  A bullfrog zombie (D:6)
  2 jellies (D:7)
  3 orc priests
  3 centaur skeletons
  10 orc wizards
  Natasha (thrice) (D:2)
  2 iguanas
  7 worker ants
  A worker ant zombie (D:7)
  A howler monkey skeleton (D:4)
  17 gnolls
  A river rat (D:3)
  10 adders
  A shadow imp (D:7)
  An ooze (D:3)
  An adder zombie (D:8)
  2 worms
  11 leopard geckos
  34 orcs
  13 goblins
  21 hobgoblins
  11 jackals
  2 quokkas
  4 ball pythons
  5 bats
  7 frilled lizards
  A jackal skeleton (D:6)
  14 kobolds
  4 rats
  A spectral orc (D:2)
253 creatures vanquished.

Vanquished Creatures (collateral kills)
  A quokka (D:5)
1 creature vanquished.

Vanquished Creatures (others)
  2 fungi (D:8)
2 creatures vanquished.

Grand Total: 256 creatures vanquished

Notes
Turn   | Place    | Note
-------+----------+-------------------------------------------
     0 | D:1      | Banto the Demonspawn Gladiator began the quest for the Orb.
     0 | D:1      | Reached XP level 1. HP: 16/16 MP: 1/1
   237 | D:1      | Reached skill level 3 in Polearms
   282 | D:1      | Gained mutation: You have sharp fingernails. [demonic ancestry]
   282 | D:1      | Reached XP level 2. HP: 19/22 MP: 2/2
   801 | D:2      | Noticed Natasha
   808 | D:2      | Killed Natasha
   808 | D:2      | Gained mutation: You are partially covered in icy blue scales. (AC +2) [demonic ancestry]
   808 | D:2      | Reached XP level 3. HP: 19/27 MP: 3/3
   811 | D:2      | Reached skill level 4 in Polearms
   934 | D:2      | Noticed Natasha
   937 | D:2      | Killed Natasha
   937 | D:2      | Reached XP level 4. HP: 17/33 MP: 4/4
   949 | D:2      | Noticed Natasha
   958 | D:2      | Killed Natasha
  1285 | D:2      | Reached skill level 5 in Polearms
  1470 | D:2      | Reached XP level 5. HP: 31/38 MP: 5/5
  1568 | D:2      | Found a basalt altar of Yredelemnul.
  1934 | D:3      | Found a glowing drain.
  1948 | Sewer    | Entered a sewer
  2096 | Sewer    | Noticed Purgy
  2111 | Sewer    | Gained mutation: Scrolls take you a little longer to read. [potion of mutation]
  2111 | Sewer    | Gained mutation: Your mind is acute. (Int +2) [potion of mutation]
  2111 | Sewer    | Gained mutation: Scrolls take you longer to read. [potion of mutation]
  2111 | Sewer    | Gained mutation: You possess an exceptional clarity of mind. [potion of mutation]
  2160 | Sewer    | Killed Purgy
  2160 | Sewer    | Reached skill level 6 in Polearms
  2160 | Sewer    | Reached XP level 6. HP: 7/44 MP: 4/6
  3106 | D:5      | Entered Level 5 of the Dungeon
  3116 | D:5      | Reached skill level 7 in Polearms
  3162 | D:5      | Gained mutation: You are partially covered in sharp spines. [demonic ancestry]
  3162 | D:5      | Reached XP level 7. HP: 12/50 MP: 1/7
  3401 | D:5      | Reached skill level 8 in Polearms
  3779 | D:5      | Found a deep blue altar of Sif Muna.
  4164 | D:6      | Reached skill level 9 in Polearms
  4164 | D:6      | Reached XP level 8. HP: 56/56 MP: 8/8
  4240 | D:6      | Noticed Blork the orc
  4251 | D:6      | Killed Blork the orc
  4317 | D:6      | Found a glowing golden altar of the Shining One.
  4331 | D:6      | Found a runed door.
  4397 | D:6      | Noticed Crazy Yiuf
  4399 | D:6      | Noticed Crazy Yiuf
  4399 | D:6      | Crazy Yiuf changed into Crazy Yiuf the swamp drake
  4412 | D:6      | Killed Crazy Yiuf the swamp drake
  4657 | D:7      | Reached skill level 10 in Polearms
  5023 | D:7      | Found a flagged portal.
  5032 | Bailey   | Entered a bailey
  5138 | Bailey   | Noticed an orc knight
  5248 | Bailey   | Killed an orc knight
  5248 | Bailey   | Reached skill level 11 in Polearms
  5248 | Bailey   | Reached XP level 9. HP: 20/61 MP: 9/9
  5493 | D:7      | Found a staircase to the Ecumenical Temple.
  5647 | D:7      | Noticed an orange crystal statue
  5797 | D:8      | Noticed a two-headed ogre
  5803 | D:8      | Killed a two-headed ogre
  5803 | D:8      | Reached skill level 12 in Polearms
  5935 | D:8      | Found a glowing silver altar of Zin.
  5935 | D:8      | Found a stormy altar of Qazlal.
  5942 | D:8      | Found a hide-covered altar of Uskayaw.
  6048 | D:8      | Identified a scroll of acquirement
  6048 | D:8      | Got a faintly humming plate armour
  6071 | D:8      | Identified the +6 plate armour of the Prince {*Contam Int+3 Dex+7} (You acquired it on level 8 of the Dungeon)
  6097 | D:8      | Noticed kaze's ghost (novice OgAM)
  6117 | D:7      | Gained mutation: Armour fits poorly on your strangely shaped body. [mutagenic meat]
  6118 | D:7      | Lost mutation: You possess an exceptional clarity of mind. [mutagenic meat]
  6119 | D:7      | Gained mutation: Scrolls take you much longer to read. [mutagenic meat]
  6120 | D:7      | Gained mutation: Your body sometimes deteriorates upon taking damage. [mutagenic meat]
  6121 | D:7      | Lost mutation: Scrolls take you much longer to read. [potion of mutation]
  6121 | D:7      | Lost mutation: Scrolls take you longer to read. [potion of mutation]
  6121 | D:7      | Lost mutation: Your body sometimes deteriorates upon taking damage. [potion of mutation]
  6121 | D:7      | Lost mutation: Scrolls take you a little longer to read. [potion of mutation]
  6121 | D:7      | Gained mutation: You expend magic power (3 MP) to strengthen your wands. [potion of mutation]
  6121 | D:7      | Gained mutation: You possess an exceptional clarity of mind. [potion of mutation]
  6121 | D:7      | Gained mutation: You can translocate small distances at will. [potion of mutation]
  6121 | D:7      | Gained mutation: You have very sharp teeth. [potion of mutation]
  6122 | D:7      | Lost mutation: You expend magic power (3 MP) to strengthen your wands. [potion of mutation]
  6122 | D:7      | Lost mutation: Armour fits poorly on your strangely shaped body. [potion of mutation]
  6122 | D:7      | Lost mutation: You can translocate small distances at will. [potion of mutation]
  6122 | D:7      | Lost mutation: Your mind is acute. (Int +2) [potion of mutation]
  6122 | D:7      | Lost mutation: You possess an exceptional clarity of mind. [potion of mutation]
  6122 | D:7      | Gained mutation: You are frail. (-10% HP) [potion of mutation]
  6122 | D:7      | Gained mutation: Your spells are a little harder to cast, but a little more powerful. [potion of mutation]
  6122 | D:7      | Gained mutation: You are weak. (Str -2) [potion of mutation]
  6122 | D:7      | Gained mutation: You are somewhat resistant to further mutation. [potion of mutation]
  6123 | D:7      | Lost mutation: You are weak. (Str -2) [potion of mutation]
  6123 | D:7      | Lost mutation: You are frail. (-10% HP) [potion of mutation]
  6123 | D:7      | Lost mutation: You are somewhat resistant to further mutation. [potion of mutation]
  6123 | D:7      | Lost mutation: Your spells are a little harder to cast, but a little more powerful. [potion of mutation]
  6123 | D:7      | Gained mutation: You passively map a small area around you. [potion of mutation]
  6123 | D:7      | Gained mutation: You possess an exceptional clarity of mind. [potion of mutation]
  6124 | D:7      | Lost mutation: You passively map a small area around you. [potion of mutation]
  6124 | D:7      | Lost mutation: You possess an exceptional clarity of mind. [potion of mutation]
  6124 | D:7      | Gained mutation: Your natural rate of healing is unusually fast. [potion of mutation]
  6125 | D:7      | Lost mutation: You have very sharp teeth. [potion of mutation]
  6125 | D:7      | Gained mutation: You are robust. (+10% HP) [potion of mutation]
  6125 | D:7      | Gained mutation: Your flesh is cold resistant. (rC+) [potion of mutation]
  6125 | D:7      | Gained mutation: You are agile. (Dex +2) [potion of mutation]
  6125 | D:7      | Gained mutation: Scrolls take you a little longer to read. [mutagenic glow]
  6126 | D:7      | Lost mutation: Your flesh is cold resistant. (rC+) [potion of mutation]
  6126 | D:7      | Lost mutation: You are robust. (+10% HP) [potion of mutation]
  6126 | D:7      | Lost mutation: You are agile. (Dex +2) [potion of mutation]
  6126 | D:7      | Lost mutation: Scrolls take you a little longer to read. [potion of mutation]
  6126 | D:7      | Lost mutation: Your natural rate of healing is unusually fast. [potion of mutation]
  6126 | D:7      | Gained mutation: You are dopey. (Int -2) [potion of mutation]
  6126 | D:7      | Gained mutation: You occasionally shout uncontrollably at your foes. [potion of mutation]
  6126 | D:7      | Gained mutation: Your spells are a little harder to cast, but a little more powerful. [potion of mutation]
  6127 | D:7      | Lost mutation: You are dopey. (Int -2) [potion of mutation]
  6127 | D:7      | Lost mutation: Your spells are a little harder to cast, but a little more powerful. [potion of mutation]
  6127 | D:7      | Gained mutation: Your flesh is heat resistant. (rF+) [potion of mutation]
  6127 | D:7      | Gained mutation: You evolve. [potion of mutation]
  6135 | Temple   | Entered the Ecumenical Temple
  6184 | Temple   | Became a worshipper of Kikubaaqudgha
  6219 | D:8      | Killed kaze's ghost
  6219 | D:8      | Reached skill level 13 in Polearms
  6219 | D:8      | Gained mutation: You are immune to rotting. [demonic ancestry]
  6219 | D:8      | Reached XP level 10. HP: 37/67 MP: 10/10
  6478 | D:8      | Found a staircase to the Lair.
  6814 | D:9      | Reached skill level 14 in Polearms
  6835 | D:9      | Gained mutation: Your mind is acute. (Int +2) [evolution]
  6840 | D:9      | Found a radiant altar of Vehumet.
  7066 | D:9      | Noticed a two-headed ogre
  7076 | D:9      | Killed a two-headed ogre
  7076 | D:9      | Reached * piety under Kikubaaqudgha
  7076 | D:9      | Identified Kikubaaqudgha's Tome of Necromancy (Kikubaaqudgha gifted it to you on level 9 of the Dungeon)
  7076 | D:9      | Received a gift from Kikubaaqudgha
  7149 | D:9      | Found a staircase to the Orcish Mines.
  7212 | D:9      | Lost mutation: You occasionally shout uncontrollably at your foes. [potion of mutation]
  7212 | D:9      | Lost mutation: Your flesh is heat resistant. (rF+) [potion of mutation]
  7212 | D:9      | Gained mutation: You have sharp toenails. [potion of mutation]
  7212 | D:9      | Gained mutation: You are covered in fur. (AC +1) [potion of mutation]
  7213 | D:9      | Lost mutation: You have sharp toenails. [potion of mutation]
  7213 | D:9      | Lost mutation: Your mind is acute. (Int +2) [potion of mutation]
  7213 | D:9      | Gained mutation: You have a beak for a mouth. [potion of mutation]
  7213 | D:9      | Gained mutation: Armour fits poorly on your strangely shaped body. [potion of mutation]
  7213 | D:9      | Gained mutation: You are resistant to electric shocks. (rElec) [potion of mutation]
  7342 | D:10     | Entered Level 10 of the Dungeon
  7559 | D:10     | Noticed a two-headed ogre
  7578 | D:10     | Killed a two-headed ogre
  7578 | D:10     | Reached skill level 5 in Fighting
  7578 | D:10     | Reached skill level 5 in Dodging
  7578 | D:10     | Reached XP level 11. HP: 80/80 MP: 11/11
  7585 | D:10     | Reached ** piety under Kikubaaqudgha
  7621 | D:10     | You fall through a shaft for 2 floors!
  7621 | D:12     | Found a sacrificial altar of Ru.
  7677 | D:11     | Noticed a seven-headed hydra
  7686 | D:11     | HP: 4/80 [seven-headed hydra (5)]
  7686 | D:11     | HP: 1/80 [seven-headed hydra (3)]
  7686 | D:11     | Mangled by a seven-headed hydra

Vault maps used:
D:1:      lemuel_arrival_funnel
D:2:      yredelemnul_forgotten_temple_becter, guppyfry_early_orc_mine,
          uniq_natasha
D:3:      gup_sewer_entry_bowl
D:5:      lemuel_doored_altar, first_bread
D:6:      lemuel_crystal_altar, uniq_blork_the_orc, uniq_crazy_yiuf_cottage
D:7:      statuecave_lemuel, minmay_temple_entry_from_below_b, enter_bailey_7
D:8:      grunt_temple_overflow_open, grunt_lair_entry_orc_guard_hut
D:9:      vehumet_crystals, orc_0_dummy, serial_curves, eino_curves_02,
          eino_curves_03
D:10:     kennysheep_pointless_box, grunt_tengu_nest
D:11:     portal_ice_cave_demonic_guard, uniq_gastronok, uniq_erolcha, uniq_grum
D:12:     basic_altar, lemuel_nasty_fountain, uniq_kirke, uniq_urug
Temple:   eino_wide_crystal_templ
Sewer:    sewer_co_purgy_island
Bailey:   bailey_axe_2, bailey

Skill      XL: |  1  2  3  4  5  6  7  8  9 10 |
---------------+-------------------------------+-----
Polearms       | 3 4 5 6 7 9 11 13 14 | 14.0
Dodging        | 5 |  5.3
Fighting       | 5 |  5.4
Throwing       | |  1.7

Action                   |  1- 3 |  4- 6 |  7- 9 | 10-12 || total
-------------------------+-------+-------+-------+-------++-------
Melee: Trident           |    46 |   254 |   220 |     6 ||   526
       Dagger            |       |    16 |     2 |       ||    18
       Halberd           |       |       |   137 |   150 ||   287
       Peck              |       |       |       |     3 ||     3
Throw: Throwing net      |     1 |     1 |       |       ||     2
Evoke: Wand              |       |       |     2 |       ||     2
  Use: Potion            |       |     6 |     9 |     2 ||    17
       Scroll            |       |       |    17 |     3 ||    20
 Stab: Sleeping          |     1 |     3 |     2 |     2 ||     8
       Held in net/web   |       |     2 |       |       ||     2
       Distracted        |       |       |       |     1 ||     1
  Eat: Chunk             |       |     7 |    15 |     5 ||    27
Armor: Leather armour    |     4 |    77 |       |       ||    81
       Troll leather arm |       |    19 |    75 |    19 ||   113
Dodge: Dodged            |    23 |   180 |   129 |    52 ||   384

Table legend:
 A = Turns spent in this place as a percentage of turns spent in the entire game.
 B = Non-inter-level travel turns spent in this place as a percentage of non-inter-level travel turns spent in the entire game.
 C = Inter-level travel turns spent in this place as a percentage of turns spent in this place.
 D = Turns resting spent in this place as a percentage of non-inter-level travel turns spent in this place.
 E = Turns spent auto-exploring this place as a percentage of non-inter-level travel turns spent in this place.
 F = Non-inter-level travel turns spent in this place divided by the number of levels of this place that you've seen.
                   A       B       C       D       E      F
               +-------+-------+-------+-------+-------+----------------------
         Total | 100.0 | 100.0 |   0.7 |   1.4 |  10.4 | 180.9
       Dungeon |  82.3 |  82.2 |   0.8 |   1.2 |  11.4 | 186.0
        Temple |   0.7 |   0.6 |  11.1 |   0.0 |  87.5 |  16.0
         Sewer |   5.3 |   5.4 |   0.0 |   4.8 |   2.1 | 146.0
        Bailey |  11.7 |  11.8 |   0.0 |   1.2 |   2.8 | 320.0
               +-------+-------+-------+-------+-------+----------------------

Table legend:
 A = Kills in this place as a percentage of kills in entire the game.
 B = Kills by you in this place as a percentage of kills by you in the entire game.
 C = Kills by friends in this place as a percentage of kills by friends in the entire game.
 D = Other kills in this place as a percentage of other kills in the entire game.
 E = Experience gained in this place as a percentage of experience gained in the entire game.
 F = Experience gained in this place divided by the number of levels of this place that you have seen.
                   A       B       C       D       E      F
               +-------+-------+-------+-------+-------+----------------------
         Total | 100.0 | 100.0 | 100.0 |  -nan | 100.0 | 788.8
       Dungeon |  84.3 |  84.2 | 100.0 |  -nan |  91.3 | 900.2
         Sewer |   2.4 |   2.4 |   0.0 |  -nan |   1.2 | 143.0
        Bailey |  13.4 |  13.4 |   0.0 |  -nan |   7.5 | 886.0
               +-------+-------+-------+-------+-------+----------------------
